 Dungeon Crawl Stone Soup version 0.24.0-37-gcf1ca852f1 (webtiles) character file.

Game seed: 5936642885347741973, levelgen mode: deterministic

47 Raikaria the Grasshopper (level 3, 0/27 HPs)
             Began as a Human Warper on Dec 7, 2019.
             Succumbed to an adder's poison
             ... on level 2 of the Dungeon.
             The game lasted 00:02:46 (1286 turns).

Raikaria the Grasshopper (Human Warper)             Turns: 1286, Time: 00:02:47

Health: 0/27       AC:  3    Str: 11    XL:     3   Next: 97%
Magic:  6/6        EV: 13    Int: 14    God:
Gold:   77         SH:  0    Dex: 12    Spells: 4/6 levels left

rFire    x . .     SeeInvis .   a - +0 falchion
rCold    + . .     Gourm    .   (no shield)
rNeg     . . .     Faith    .   g - +0 robe (curse)
rPois    .         Spirit   .   h - +0 helmet
rElec    .         Reflect  .   (no cloak)
rCorr    .         Harm     .   (no gloves)
MR       .....                  (no boots)
Stlth    +.........             (no amulet)
HPRegen  0.09/turn              c - ring of ice
MPRegen  0.10/turn              (no ring)

@: lethally poisoned (0 -> -10)
A: no striking features
a: no special abilities


You were on level 2 of the Dungeon.
You were not hungry.

You visited 1 branch of the dungeon, and saw 2 of its levels.

You collected 77 gold pieces.

Inventory:

Hand Weapons
 a - a +0 falchion (weapon)
Missiles
 e - 5 boomerangs of dispersal (quivered)
Armour
 b - a +0 leather armour
 g - a cursed +0 robe (worn)
 h - a +0 helmet (worn)
Jewellery
 c - a ring of ice (left hand)
Scrolls
 d - 2 scrolls of blinking
Comestibles
 f - a ration


   Skills:
 - Level 2.0 Fighting
 + Level 2.8 Long Blades
 - Level 1.0 Throwing
 - Level 1.0 Armour
 + Level 2.9 Dodging
 - Level 2.0 Spellcasting
 + Level 3.4 Translocations


You had 4 spell levels left.
You knew the following spells:

 Your Spells              Type           Power        Failure   Level  Hunger
a - Blink                 Tloc           N/A          9%          2    ###....

Your spell library contained the following spells:

 Spells                   Type           Power        Failure   Level  Hunger
 Gell's Gravitas          Tloc           ##........   17%         3    ####...
 Lesser Beckoning         Tloc           ##........   17%         3    ####...
 Teleport Other           Tloc           ##......     17%         3    ####...
 Shroud of Golubria       Chrm/Tloc      #.....       19%         2    ###....
 Passage of Golubria      Tloc           N/A          50%         4    #####..


Dungeon Overview and Level Annotations

Branches:
Dungeon (2/15)

Altars:
Gozag
Zin


Message History

The adder is severely wounded.
* * * LOW HITPOINT WARNING * * *
You feel sick. The adder closely misses you.
You aren't carrying any potions.
You miss the adder.
The adder is severely wounded.
A ball python comes into view.
The adder bites you.
* * * LOW HITPOINT WARNING * * *
You are more poisoned.
The adder poisons you! The adder completely misses you.
The ball python hisses angrily.
You hit the adder.
You kill the adder!
* * * LOW HITPOINT WARNING * * *
You feel sick.
A rat comes into view.
The kobold closely misses you.
You riposte.
You hit the kobold.
You kill the kobold!
You die...

...#....(..#....#
......._........#
...#.......#....#
#.......#....#
##.((..##....#
..$####.####....#
.......(.....##.##
........(.#####..##
#####>..#(.@.S....#
#.....#####r...#
#....#. ..#
.##...#.#. #
._#...## #$
..###..# .[ .8###..
#. #. #.


You could see a ball python and a rat.

Vanquished Creatures
  An adder (D:2)
  An ooze (D:2)
  A worm (D:1)
  A ball python (D:1)
  A giant cockroach (D:1)
  A goblin (D:1)
  6 hobgoblins
  2 jackals (D:1)
  4 bats (D:1)
  2 frilled lizards
  8 kobolds
  2 rats (D:1)
30 creatures vanquished.

Notes
Turn   | Place    | Note
-------+----------+-------------------------------------------
     0 | D:1      | Raikaria the Human Warper began the quest for the Orb.
     0 | D:1      | Reached XP level 1. HP: 16/16 MP: 3/3
   104 | D:1      | Reached XP level 2. HP: 20/22 MP: 5/5
   108 | D:1      | Learned a level 2 spell: Blink
   383 | D:1      | Reached XP level 3. HP: 17/27 MP: 6/6
  1247 | D:2      | Found a glowing silver altar of Zin.
  1269 | D:2      | Found an opulent altar of Gozag.
  1285 | D:2      | HP: 1/27 [poisoned by an adder]
  1286 | D:2      | Succumbed to an adder's poison

Levels and vault maps discovered:
D:1:      evilmike_arrival_run_for_it, layout_loops_corners,
          minmay_misc_feat_iff, minmay_liquid_box
D:2:      layout_basic, marbit_many_paths, old_standard_altar,
          old_standard_altar, nicolae_overflow_hidden_temple,
          nicolae_overflow_crystal_walls, lemuel_coloured_pillars_altar,
          serial_bayou_pond_c, minmay_misc_feat_pillars,
          hangedman_abyss_or_decor_lesser_grid, minmay_circle_x

Action                   || total
-------------------------++-------
Melee: Falchion          ||   103
  Use: Scroll            ||     1
  Eat: Chunk             ||     1
Armor: Leather armour    ||    22
       Robe              ||     3
Dodge: Dodged            ||    89
       Rpst.: Falchion   ||    31
